 Dungeon Crawl Stone Soup version 0.31-a0-523-g071a6c1ffa (webtiles) character file.

Game seed: 15579327349657315452

300 Shayle the Ruffian (level 6, -7/62 HPs)
             Began as an Ogre Shapeshifter on Aug 11, 2023.
             Mangled by Edmund
             ... wielding a +2 dire flail of venom
              (16 damage)
             ... on level 4 of the Dungeon.
             The game lasted 00:10:52 (2194 turns).

Shayle the Ruffian (Ogre Shapeshifter)              Turns: 2194, Time: 00:10:55

Health: -7/62      AC:  2    Str: 17 (20) XL:     6   Next: 36%
Magic:  10/10      EV:  9    Int:  8 (11) God:
Gold:   118        SH:  0    Dex:  8 (9)  Spells: 10/10 levels left

rFire   . . .        b - +5 mace
rCold   . . .        (no shield)
rNeg    . . .        a - +0 animal skin
rPois   .            (helmet currently unavailable)
rElec   .            (cloak currently unavailable)
rCorr   .            (gloves unavailable)
SInv    .            (boots unavailable)
Will    .....        (no amulet)
Stlth   +            (no ring)
HPRegen 0.30/turn    (no ring)
MPRegen 0.12/turn

%: no passive effects
@: lethally poisoned (-7 -> -16), beast-form
A: beast (slay +2), large, unfitting armour, tough skin 1, deformed body, no
potion heal 1
a: Begin Untransformation


You were on level 4 of the Dungeon.
You were a hulking beast.
You visited 1 branch of the dungeon, and saw 7 of its levels.

You collected 118 gold pieces.

Inventory:

Hand Weapons
 b - a +5 mace (weapon)
Armour
 a - a +0 animal skin (worn)
Talismans
 c - a beast talisman (active)
 d - a flux talisman
Scrolls
 e - 3 scrolls of immolation {unknown}
 f - a scroll of torment {unknown}
 g - a scroll of enchant weapon {unknown}
 k - a scroll of revelation {unknown}
 l - 2 scrolls of blinking {unknown}
 m - 2 scrolls of identify {unknown}
 n - a scroll of fear {unknown}
 p - a scroll of noise {unknown}


   Skills:
 + Level 4.0 Fighting
 - Level 1.7 Dodging
 * Level 4.2 Unarmed Combat
 + Level 2.8 Spellcasting
 + Level 1.5 Necromancy
 + Level 1.4 Earth Magic
 - Level 3.0 Shapeshifting


You had 10 spell levels left.
You didn't know any spells.
Your spell library contained the following spells:

 Spells                   Type           Power      Damage    Failure   Level
 Slow                     Hex            4%         N/A       32%         1
 Cigotuvi's Dreadful Rot  Necr/Pois/Air  2%         N/A       38%         2
 Scorch                   Fire           2%         2d5       45%         2
 Vampiric Draining        Necr           3%         2d6       45%         3
 Confusing Touch          Hex            1%         N/A       69%         3
 Ignite Poison            Fire/Tmut/Pois 1%         N/A       69%         3
 Animate Dead             Necr           3%         N/A       86%         4
 Flame Wave               Conj/Fire      1%         2d4       97%         4
 Borgnjor's Vile Clutch   Necr/Erth      1%         N/A       99%         5
 Freezing Cloud           Conj/Ice/Air   0%         6-21      100%        5
 Death Channel            Necr           1%         N/A       100%        6
 Summon Cactus Giant      Summ           0%         N/A       100%        6


Dungeon Overview and Level Annotations

Branches:
Dungeon (7/15)
 Temple: D:4-7

Altars:
Gozag

Shops:
D:1 ?   D:2 =

Annotations:
D:3 3 runed translucent doors, Terence
D:4 Edmund
D:5 4 runed translucent doors, Eustachio


Innate Abilities, Weirdness & Mutations

You are a hulking beast.
Your limbs bulge with bestial killing power. (Slay +2)
You are too large for most types of armour.
You have tough skin. (AC +1)
Armour fits poorly on your strangely shaped body.
Potions are less effective at restoring your health.


Message History

Edmund is moderately wounded.
You feel very sick. Edmund misses you.
You closely miss Edmund.
Edmund is moderately wounded.
You feel sick. Edmund closely misses you.
Edmund hits you with a +2 dire flail of venom.
You are more poisoned.
You barely miss Edmund.
Edmund is moderately wounded.
You feel very sick.
Edmund hits you with a +2 dire flail of venom!
* * * LOW HITPOINT WARNING * * *
You are lethally poisoned!
It was a potion of curing.
You feel better. Edmund misses you.
You completely miss Edmund.
Edmund is moderately wounded.
Edmund hits you with a +2 dire flail of venom. x2
* * * LOW HITPOINT WARNING * * *
You are poisoned.
You feel better.
Edmund hits you with a +2 dire flail of venom.
You are poisoned.
It was a potion of magic.
Magic courses through your body.
You feel sick.
Edmund hits you with a +2 dire flail of venom.
* * * LOW HITPOINT WARNING * * *
You are lethally poisoned!
It was a potion of mutation.
You feel extremely strange.
Your system partially rejects the healing effects of potions.
Your body twists and deforms.
* * * LOW HITPOINT WARNING * * *
You feel very sick. Edmund barely misses you.
It was a potion of degeneration.
There was something very wrong with that liquid.
You feel weakened.
You feel dopey.
You feel clumsy.
* * * LOW HITPOINT WARNING * * *
You feel very sick.
Edmund hits you with a +2 dire flail of venom!
You die...

##.## #........# #.#
#.#.# # ### #........#
#.###.#.### #...)...##
#.....#.... #######.#
#.######### #.#
#.....#.... #.#
#.###.#.### #.# #.#
#.#.# #
####.####.###.#.###
#@h................
.......##.######...#####
.###.###...## ##.## #
#.....# #.# ##...## #.#
##.## #.# #.# #.# #.#
#.# #+# #.#


You could see Edmund.

Vanquished Creatures
  A phantom (D:6)
  A wight (D:6)
  A jelly (D:5)
  A sleepcap (D:5)
  6 adders
  An ufetubus (D:4)
  2 worms
  2 dart slugs
  2 orcs
  4 bats
  3 endoplasms
  3 giant cockroaches
  5 goblins
  5 hobgoblins
  3 kobolds
  A quokka (D:2)
  6 ball pythons
  3 frilled lizards
  5 rats
55 creatures vanquished.

Vanquished Creatures (others)
  A bat (D:3)
1 creature vanquished.

Grand Total: 56 creatures vanquished

Notes
Turn   | Place    | Note
-------+----------+-------------------------------------------
     0 | D:1      | Shayle the Ogre Shapeshifter began the quest for the Orb.
     0 | D:1      | Reached XP level 1. HP: 19/19 MP: 1/1
    15 | D:1      | Found Ajaiden's Magic Scroll Shoppe.
   104 | D:1      | Reached XP level 2. HP: 23/28 MP: 1/3
   191 | D:1      | Reached skill level 1 in Spellcasting
   419 | D:2      | Reached XP level 3. HP: 32/36 MP: 3/5
   550 | D:2      | Found Poigrusu's Jewellery Boutique.
   918 | D:3      | Reached XP level 4. HP: 29/45 MP: 5/7
  1144 | D:3      | Noticed Terence
  1172 | D:3      | Found a runed translucent gate.
  1172 | D:3      | Found an opulent altar of Gozag.
  1172 | D:3      | Found a runed translucent gate.
  1173 | D:3      | Found a runed translucent gate.
  1576 | D:4      | You fall into a shaft and drop 3 floors!
  1594 | D:6      | Reached XP level 5. HP: 48/53 MP: 8/8
  1673 | D:6      | Noticed a phantom
  1683 | D:6      | Killed a phantom
  1684 | D:6      | Reached skill level 1 in Necromancy
  1684 | D:6      | Reached skill level 1 in Earth Magic
  1684 | D:6      | Reached XP level 6. HP: 52/62 MP: 8/10
  1686 | D:5      | Entered Level 5 of the Dungeon
  1740 | D:5      | Found a large runed translucent door.
  1740 | D:5      | Found a large runed translucent door.
  1742 | D:5      | Noticed a steam dragon
  1742 | D:5      | Noticed Eustachio
  1742 | D:5      | Noticed a black bear
  1750 | D:5      | Found a large runed translucent door.
  1750 | D:5      | Found a large runed translucent door.
  1956 | D:4      | Noticed Edmund
  2193 | D:4      | Gained mutation: Potions are less effective at restoring
                  | your health. [potion of mutation]
  2193 | D:4      | Gained mutation: Armour fits poorly on your strangely
                  | shaped body. [potion of mutation]
  2194 | D:4      | Mangled by Edmund

Illustrated notes

Levels and vault maps discovered:
D:1:      saegor_arrival_simple_e, layout_rooms, serial_shops,
          nicolae_shop_just_a_little_nook
D:2:      layout_rooms, serial_shops, shop, hangedman_feature_mirror,
          kennysheep_decorative_pillar
D:3:      layout_basic, mainiacjoe_overflow_big_doors, ebering_ghost_gozag,
          minmay_stone_trees_small, grunt_decor_mini_mirrors,
          minmay_quadrilaterals, uniq_robin, uniq_terence
D:4:      layout_loops_corners, temple_green, minmay_misc_feat_cross,
          uniq_edmund
D:5:      layout_rooms, serial_shops, nicolae_shop_pleasant_corner_grove,
          minmay_holes, hangedman_decor_lopped, minmay_hollow_rounded_squares,
          uniq_grinder, uniq_eustachio, uniq_ijyb
D:6:      layout_loops_ring
D:7:      layout_rooms, dk_yredelemnul_ordeal, enter_bailey_1

Skill      XL: |  1  2  3  4  5  6 |
---------------+-------------------+-----
Fighting       | 2 3 4 |  4.0
Spellcasting   | 1 2 |  2.8
Unarmed Combat | 3 4 |  4.2
Necromancy     | 1 |  1.5
Earth Magic    | 1 |  1.4
Dodging        | |  1.7
Shapeshifting  | |  3.0

Action                     |  1- 3 |  4- 6 || total
---------------------------+-------+-------++-------
  Melee: Unarmed           |    99 |    46 ||   145
         Punch             |     3 |     2 ||     5
         Mace              |       |    31 ||    31
    Use: Potion            |       |     6 ||     6
 Armour: Animal skin       |    28 |    14 ||    42
         Skin              |       |     3 ||     3
  Dodge: Dodged            |    40 |    36 ||    76

Table legend: (Time is in decaauts)
 A = Elapsed time spent in this place.
 B = Non-inter-level travel time spent in this place.
 C = Inter-level travel time spent in this place.
 D = Time resting spent in this place.
 E = Time spent auto-exploring this place.
 F = Levels seen in this place.
 G = Mean time per level.
                   A        B        C        D        E       F      G
               +--------+--------+--------+--------+--------+-----+--------+
         Total |   2196 |   2153 |     43 |    214 |   1181 |   7 |  313.7 |
       Dungeon |   2196 |   2153 |     43 |    214 |   1181 |   7 |  313.7 |
               +--------+--------+--------+--------+--------+-----+--------+

Top non-repeatable levels by time:
     D:2: 496 daAuts
     D:4: 472 daAuts
     D:3: 411 daAuts
     D:1: 409 daAuts
     D:5: 294 daAuts
     D:6: 99 daAuts
     D:7: 11 daAuts
